 Dungeon Crawl Stone Soup version 0.28-a0-657-g71136c5590 (webtiles) character file.

Game seed: 8323717171742816124

238 bearlyready the Slasher (level 6, -1/53 HPs)
             Began as a Gnoll Cinder Acolyte on Oct 13, 2021.
             Was a Believer of Ignis.
             Slain by a centaur (4 damage)
             ... on level 5 of the Dungeon.
             The game lasted 00:04:02 (3090 turns).

bearlyready the Slasher (Gnoll Cinder Acolyte)      Turns: 3090, Time: 00:04:02

Health: -1/53      AC:  5    Str: 15    XL:     6   Next: 7%
Magic:  11/11      EV: 11    Int: 13    God:    Ignis [**....]
Gold:   87         SH:  3    Dex:  8    Spells: 9/11 levels left

rFire   + . .      SeeInvis .   a - -1 falchion (flame)
rCold   . . .      Faith    .   j - +0 buckler
rNeg    . . .      Spirit   .   f - +0 leather armour
rPois   .          Reflect  .   (no helmet)
rElec   .          Harm     .   n - +0 cloak
rCorr   +          Rampage  .   i - +0 pair of gloves
Will    .....                   (no boots)
Stlth   +.........              (no amulet)
HPRegen 0.17/turn               g - ring of resist corrosion
MPRegen 0.12/turn               (no ring)

@: rising, flying
A: fangs 1, strong nose, distributed training
a: Renounce Religion, Sea of Fire, Foxfire Swarm, Rising Flame


You were on level 5 of the Dungeon.
You worshipped Ignis.
Ignis was pleased with you.
You visited 1 branch of the dungeon, and saw 4 of its levels.

You collected 87 gold pieces.

Inventory:

Hand Weapons
 a - a -1 falchion of flaming (weapon)
 d - a +0 hunting sling
Missiles
 h - 52 stones
 m - 2 boomerangs (quivered)
 o - 3 javelins
Armour
 b - a +0 robe
 f - a +0 leather armour (worn)
 i - a +0 pair of gloves (worn)
 j - a +0 buckler (worn)
 n - a +0 cloak (worn)
Jewellery
 g - a ring of resist corrosion (left hand)
Scrolls
 c - a scroll of acquirement


   Skills:
 + Level 6.8 Fighting
 + Level 1.8 Short Blades
 + Level 6.8 Long Blades
 + Level 1.8 Axes
 + Level 1.8 Maces & Flails
 + Level 1.8 Polearms
 + Level 1.8 Staves
 + Level 1.8 Slings
 + Level 1.8 Bows
 + Level 1.8 Crossbows
 + Level 1.8 Throwing
 + Level 1.8 Armour
 + Level 1.8 Dodging
 + Level 1.8 Stealth
 + Level 1.8 Shields
 + Level 1.8 Unarmed Combat
 + Level 3.3 Spellcasting
 + Level 1.4 Conjurations
 + Level 1.4 Hexes
 + Level 1.4 Summonings
 + Level 1.4 Necromancy
 + Level 1.4 Translocations
 + Level 1.4 Transmutations
 + Level 5.6 Fire Magic
 + Level 1.4 Ice Magic
 + Level 1.4 Air Magic
 + Level 1.4 Earth Magic
 + Level 1.4 Poison Magic
 + Level 2.0 Invocations
 + Level 1.8 Evocations


You had 9 spell levels left.
You knew the following spells:

 Your Spells              Type           Power      Damage    Failure   Level
a - Scorch                Fire           32%        2d7       5%          2

Your spell library contained the following spells:

 Spells                   Type           Power      Damage    Failure   Level


Dungeon Overview and Level Annotations

Branches:
Dungeon (3/15)

Altars:
Fedhas
Kikubaaqudgha
Ru
Zin


Innate Abilities, Weirdness & Mutations

You have very sharp teeth.
Your uncanny sense of smell can sniff out nearby items.
Your experience applies equally to all skills.


Message History

The foxfire hits the water moccasin zombie.
The water moccasin zombie is severely damaged.
The foxfire hits the water moccasin zombie.
The water moccasin zombie is severely damaged.
The foxfire hits the water moccasin zombie.
The water moccasin zombie is severely damaged.
The foxfire hits the water moccasin zombie.
The water moccasin zombie is almost destroyed.
The foxfire hits the water moccasin zombie.
The water moccasin zombie is almost destroyed.
The foxfire hits the water moccasin zombie.
You destroy the water moccasin zombie!
Your Invocations skill increases to level 2!
You have reached level 6!
Your experience leads to an increase in your attributes!
Increase (S)trength, (I)ntelligence, or (D)exterity?
You feel stronger.
Your foxfire dissipates!
Your foxfire dissipates! x2
There is a faded altar of an unknown god here.
You start resting.
The centaur drinks a potion.
The centaur goes berserk!
The centaur misses you. x2
The centaur hits you but does no damage.
You block the centaur's attack.
This is a scroll of acquirement!
Okay, then.
You aren't carrying any items that you can evoke.
Unknown command.
You begin to rise into the air.
The centaur hits you.
* * * LOW HITPOINT WARNING * * *
The centaur kicks you but does no damage.
The centaur misses you.
The centaur kicks you but does no damage.
The centaur hits you.
* * * LOW HITPOINT WARNING * * *
The centaur kicks you.
* * * LOW HITPOINT WARNING * * *
The centaur closely misses you. The centaur kicks you.
You die...

#.#######.# #.#
#.# #.# #'#
#####.#####
#.........## #
#..#######..###
#_. #_@_###.._#
#..##..c##..###
#.........##
####...####
##_## ### ∆


You could see a centaur (berserk).

Vanquished Creatures
  A water moccasin (D:3)
  A water moccasin zombie (D:5)
  3 adders
  A worm (D:2)
  2 dart slugs
  3 endoplasms
  A giant cockroach (D:2)
  A goblin (D:1)
  5 hobgoblins (D:2)
  9 jackals
  2 quokkas (D:1)
  3 ball pythons
  3 bats
  4 frilled lizards
  3 kobolds
  2 rats (D:2)
44 creatures vanquished.

Vanquished Creatures (others)
  26 foxfires
  A plant (D:1)
27 creatures vanquished.

Grand Total: 71 creatures vanquished

Notes
Turn   | Place    | Note
-------+----------+-------------------------------------------
     0 | D:1      | bearlyready the Gnoll Cinder Acolyte began the quest for
                  | the Orb.
     0 | D:1      | Reached XP level 1. HP: 23/23 MP: 4/4
    53 | D:1      | You fall into a shaft and drop 1 floor!
   285 | D:2      | Reached XP level 2. HP: 18/29 MP: 5/5
   767 | D:2      | Found a faded altar of an unknown god.
  1230 | D:2      | Reached XP level 3. HP: 33/35 MP: 7/7
  1402 | D:1      | Learned a level 2 spell: Scorch
  1417 | D:1      | Reached skill level 1 in Invocations
  2389 | D:2      | Reached skill level 1 in Short Blades
  2389 | D:2      | Reached skill level 1 in Axes
  2389 | D:2      | Reached skill level 1 in Maces & Flails
  2389 | D:2      | Reached skill level 1 in Polearms
  2389 | D:2      | Reached skill level 1 in Staves
  2389 | D:2      | Reached skill level 1 in Slings
  2389 | D:2      | Reached skill level 1 in Bows
  2389 | D:2      | Reached skill level 1 in Crossbows
  2389 | D:2      | Reached skill level 1 in Throwing
  2389 | D:2      | Reached skill level 1 in Armour
  2389 | D:2      | Reached skill level 1 in Dodging
  2389 | D:2      | Reached skill level 1 in Stealth
  2389 | D:2      | Reached skill level 1 in Shields
  2389 | D:2      | Reached skill level 1 in Unarmed Combat
  2389 | D:2      | Reached skill level 1 in Evocations
  2401 | D:2      | Reached XP level 4. HP: 41/41 MP: 8/8
  2611 | D:3      | Noticed a water moccasin
  2624 | D:3      | Killed a water moccasin
  2625 | D:3      | Reached skill level 1 in Conjurations
  2625 | D:3      | Reached skill level 1 in Hexes
  2625 | D:3      | Reached skill level 1 in Summonings
  2625 | D:3      | Reached skill level 1 in Necromancy
  2625 | D:3      | Reached skill level 1 in Translocations
  2625 | D:3      | Reached skill level 1 in Transmutations
  2625 | D:3      | Reached skill level 1 in Ice Magic
  2625 | D:3      | Reached skill level 1 in Air Magic
  2625 | D:3      | Reached skill level 1 in Earth Magic
  2625 | D:3      | Reached skill level 1 in Poison Magic
  2625 | D:3      | Reached XP level 5. HP: 23/47 MP: 9/9
  3024 | D:3      | You fall into a shaft and drop 2 floors!
  3024 | D:5      | Entered Level 5 of the Dungeon
  3035 | D:5      | Noticed a centaur
  3058 | D:5      | Found a glowing silver altar of Zin.
  3058 | D:5      | Found a blossoming altar of Fedhas.
  3063 | D:5      | Found an ancient bone altar of Kikubaaqudgha.
  3065 | D:5      | Found a sacrificial altar of Ru.
  3066 | D:5      | Found a faded altar of an unknown god.
  3072 | D:5      | Reached XP level 6. HP: 8/53 MP: 9/11
  3089 | D:5      | Identified a scroll of acquirement
  3089 | D:5      | HP: 2/53 [centaur (1)]
  3090 | D:5      | Slain by a centaur

Illustrated notes

Levels and vault maps discovered:
D:1:      sevenhm_arrival_forest_fort_large_4, layout_rooms,
          hangedman_abyss_or_decor_stabs, minmay_pentomino_r2
D:2:      layout_basic, ebering_ecumenical_altar_rust, minivault_19
D:3:      layout_loops_ring, cheibrodos_worm_habitat, serial_co_window_serial,
          co_window_of_opportunity_a, co_window_corner_a, co_window_paths_b,
          co_window_paths_a, co_window_corner_a, co_window_broadway_c,
          co_window_corner_b, co_window_2corner, co_window_sun,
          co_window_4corner_a, glass_columns_c, glass_columns_a,
          glass_columns_a, glass_columns_b, glass_columns_a
D:5:      layout_loops_ring, chequers_temple_overflow_minitemple

Skill      XL: |  1  2  3  4  5 |
---------------+----------------+-----
Invocations    | 1 2 |  2.0
Short Blades   | 1 |  1.8
Axes           | 1 |  1.8
Maces & Flails | 1 |  1.8
Polearms       | 1 |  1.8
Staves         | 1 |  1.8
Slings         | 1 |  1.8
Bows           | 1 |  1.8
Crossbows      | 1 |  1.8
Throwing       | 1 |  1.8
Armour         | 1 |  1.8
Dodging        | 1 |  1.8
Stealth        | 1 |  1.8
Shields        | 1 |  1.8
Unarmed Combat | 1 |  1.8
Evocations     | 1 |  1.8
Spellcasting   | 3 |  3.3
Conjurations   | 1 |  1.4
Hexes          | 1 |  1.4
Summonings     | 1 |  1.4
Necromancy     | 1 |  1.4
Translocations | 1 |  1.4
Transmutations | 1 |  1.4
Ice Magic      | 1 |  1.4
Air Magic      | 1 |  1.4
Earth Magic    | 1 |  1.4
Poison Magic   | 1 |  1.4
Fighting       | |  6.8
Long Blades    | |  6.8
Fire Magic     | |  5.6

Action                   |  1- 3 |  4- 6 || total
-------------------------+-------+-------++-------
Melee: Falchion          |   122 |    36 ||   158
       Bite              |     9 |     3 ||    12
Throw: Boomerang         |       |     2 ||     2
Invok: Foxfire Swarm     |     1 |     3 ||     4
       Rising Flame      |       |     1 ||     1
  Use: Potion            |     1 |       ||     1
       Scroll            |       |     4 ||     4
Armor: Robe              |     5 |       ||     5
       Leather armour    |    11 |    17 ||    28
Dodge: Dodged            |    54 |    44 ||    98
Block: Buckler           |     6 |    13 ||    19

Table legend: (Time is in decaauts)
 A = Elapsed time spent in this place.
 B = Non-inter-level travel time spent in this place.
 C = Inter-level travel time spent in this place.
 D = Time resting spent in this place.
 E = Time spent auto-exploring this place.
 F = Levels seen in this place.
 G = Mean time per level.
                   A        B        C        D        E       F      G
               +--------+--------+--------+--------+--------+-----+--------+
         Total |   3090 |   3066 |     24 |    377 |   2205 |   4 |  772.5 |
       Dungeon |   3090 |   3066 |     24 |    377 |   2205 |   4 |  772.5 |
               +--------+--------+--------+--------+--------+-----+--------+

Top non-repeatable levels by time:
     D:2: 1686 daAuts
     D:1: 893 daAuts
     D:3: 443 daAuts
     D:5: 66 daAuts
